 Dungeon Crawl Stone Soup version 0.30.0-15-g856e2d3f33 (webtiles) character file.

Game seed: 11268400806347130077

2 ragingrage the Sneak (level 1, 0/14 HPs)
             Began as a Gargoyle Delver on May 18, 2023.
             Slain by a worm (8 damage)
             ... on level 2 of the Dungeon.
             The game lasted 00:00:32 (200 turns).

ragingrage the Sneak (Gargoyle Delver)               Turns: 200, Time: 00:00:33

Health: 0/14       AC:  5    Str: 15    XL:     1   Next: 40%
Magic:  1/1        EV: 11    Int: 10    God:
Gold:   51         SH:  0    Dex: 11    Spells: 0/0 levels left

rFire   . . .        a - +0 hand axe
rCold   . . .        (no shield)
rNeg    + . .        b - +0 leather armour
rPois   ∞            (no helmet)
rElec   +            (no cloak)
rCorr   .            (no gloves)
SInv    .            (no boots)
Will    .....        (no amulet)
Stlth   +++          (no ring)
HPRegen 0.22/turn    (no ring)
MPRegen 0.07/turn

%: no passive effects
@: no status effects
A: sickness immunity, AC +2, negative energy resistance 1, electricity
resistance, torment resistance 1, petrification resistance
a: no special abilities


You were on level 2 of the Dungeon.
You visited 1 branch of the dungeon, and saw 4 of its levels.

You collected 51 gold pieces.

Inventory:

Hand Weapons
 a - a +0 hand axe (weapon)
Missiles
 h - 6 boomerangs (quivered)
Armour
 b - a +0 leather armour (worn)
Wands
 g - a wand of digging (9)
Scrolls
 c - a scroll of fog
 d - a scroll of magic mapping
 e - 2 scrolls of fear
 i - a scroll of identify {unknown}
Potions
 f - a potion of haste


   Skills:
 - Level 3.2 Fighting
 + Level 2.0 Axes
 - Level 1.5 Dodging
 - Level 5.4 Stealth


You couldn't memorise any spells.
You didn't know any spells.
Your spell library was empty.

Dungeon Overview and Level Annotations

Branches:
Dungeon (5/15)
 Temple: D:4-7

Altars:


Innate Abilities, Weirdness & Mutations

You are immune to sickness and miasma.
Your stone body is resilient. (AC +2)
You are immune to poison.
You resist negative energy. (rN+)
You are resistant to electric shocks. (rElec)
You are resistant to unholy torment.
You are immune to petrification.


Message History

The helpless goblin fails to defend itself.
You slash the goblin!
You kill the goblin!
No target in view!
Things that are here:
a +0 club; a goblin corpse A kobold comes into view.
It is wielding a +0 whip.
The helpless kobold fails to defend itself.
You hit the kobold. The kobold hits you but does no damage.
You closely miss the kobold. The kobold completely misses you.
You hit the kobold. The kobold closely misses you.
You hit the kobold but do no damage. The kobold misses you.
The kobold barely misses you.
You hit the kobold.
You kill the kobold!
Your Axes skill increases to level 2!
Found a stone staircase leading up.
Things that are here:
a +0 whip; a stone
There is a stone staircase leading up here.
You now have 37 gold pieces (gained 19).
There is a stone staircase leading up here.
You climb upwards.
There is a stone staircase leading down here.
Unknown command.
g - a wand of digging (9) (gained 6 charges)
You now have 51 gold pieces (gained 14).
Found an escape hatch in the ceiling.
i - a scroll labelled BYENEF VURE
e - 2 scrolls of fear (gained 1)
There is an escape hatch in the ceiling here.
A mysterious force pulls you upwards. The hatch slams shut behind you.
The helpless worm fails to defend itself.
You hit the worm. You hit the worm. The worm closely misses you.
You hit the worm but do no damage. The worm bites you.
You hit the worm. The worm bites you!
Ouch! That really hurt!
You die...

#.#####
#...@.#
#####w#
..#
####


You could see a worm.

Vanquished Creatures
  A goblin (D:4)
  A kobold (D:4)
2 creatures vanquished.

Notes
Turn   | Place    | Note
-------+----------+-------------------------------------------
     0 | D:5      | ragingrage the Gargoyle Delver began the quest for the Orb.
     0 | D:5      | Reached XP level 1. HP: 14/14 MP: 1/1
    67 | D:5      | Noticed a sleepcap
   200 | D:2      | Slain by a worm

Illustrated notes

Levels and vault maps discovered:
D:2:      layout_loops_ring, dreamdust_ecumenical_altar_drowned_temple
D:3:      corexii_shack_village, layout_loops_ring,
          grunt_dithmenos_smoke_and_mirrors, chequers_jeans, nrook_mini_vaults
D:4:      layout_loops_corners, marbit_many_paths, minmay_temple_entry_waves,
          uniq_robin
D:5:      layout_loops_ring, minivault_27, solitary_fountain

Skill      XL: |  1 |
---------------+----+-----
Axes           | 2 |  2.0
Fighting       | |  3.2
Dodging        | |  1.5
Stealth        | |  5.4

Action                     || total
---------------------------++-------
  Melee: Hand axe          ||    10
   Stab: Sleeping          ||     3
 Armour: Leather armour    ||     1
  Dodge: Dodged            ||     5
